 Dungeon Sprint DCSS version 0.27-a0-287-gd4424db430 (webtiles) character file.

Game seed: 14447075718835060320

23636 mhtbhm the Executioner (level 12, -1/128 HPs)
             Began as a Minotaur Fighter on Feb 9, 2021.
             Was a High Priest of Trog.
             Slain by Ignacio
             ... wielding a +4 executioner's axe of pain
              (9 damage)
             ... in the Dungeon (Sprint VII: "The Pits").
             The game lasted 00:06:51 (3428 turns).

mhtbhm the Executioner (Minotaur Fighter)           Turns: 3428, Time: 00:07:15

Health: -1/128     AC: 19    Str: 28    XL:     12   Next: 73%
Magic:  11/11      EV: 30    Int:  5    God:    Trog [*****.]
Gold:   26         SH:  0    Dex: 11    Spells: 11/11 levels left

rFire    . . .     SeeInvis .   o - +3 executioner's axe (flame)
rCold    . . .     Faith    .   (shield currently unavailable)
rNeg     . . .     Spirit   .   b - +4 scale mail
rPois    .         Reflect  .   (helmet restricted)
rElec    .         Harm     .   s - +0 cloak
rCorr    .         Rampage  .   t - +0 pair of gloves
Will     +....     NoTele   +   r - +0 pair of boots
Stlth    +.........             A - amulet of the acrobat
HPRegen  0.31/turn              p - +3 ring of strength
MPRegen  0.12/turn              E - ring of willpower

@: acrobat, hasted, very quick
A: retaliatory headbutt, horns 2
a: Renounce Religion, Berserk, Trog's Hand, Brothers in Arms


You were in the Dungeon.
You worshipped Trog.
Trog was extremely pleased with you.
You visited 1 branch You collected 26 gold pieces.

Inventory:

Hand Weapons
 a - a +1 broad axe of freezing
 o - a +3 executioner's axe of flaming (weapon)
Armour
 b - a +4 scale mail (worn)
 c - a +0 kite shield
 r - a +0 pair of boots (worn)
 s - a +0 cloak (worn)
 t - a +0 pair of gloves (worn)
Jewellery
 p - a +3 ring of strength (left hand)
 A - an amulet of the acrobat (around neck)
 E - a ring of willpower (right hand)
Wands
 n - a wand of flame (18)
 D - a wand of charming (4)
Scrolls
 l - 4 scrolls of remove curse
 m - a scroll of summoning
 v - 7 scrolls of enchant armour
 w - 2 scrolls of fear
 x - a scroll of identify
 y - 3 scrolls of enchant weapon
 z - a scroll of magic mapping
 C - 2 scrolls of fog
Potions
 d - a potion of might
 e - 5 potions of curing
 f - 11 potions of heal wounds
 g - 2 potions of haste
 h - 5 potions of magic
 i - 4 potions of berserk rage
 k - 2 potions of invisibility
 q - 3 potions of mutation
 B - a potion of resistance


   Skills:
 + Level 18.6 Fighting
 + Level 21.1 Axes
 + Level 15.2 Armour
 + Level 9.9 Dodging
 + Level 2.4 Stealth
 + Level 18.1 Shields


You had 11 spell levels left.
You didn't know any spells.
Your spell library was empty.

Dungeon Overview and Level Annotations

Branches:
Dungeon (1/1)

Altars:
Ashenzari
Cheibriados
Dithmenos
Elyvilon
Fedhas
Gozag
Hepliaklqana
Kikubaaqudgha
Makhleb
Nemelex Xobeh
Okawaru
Qazlal
Ru
Sif Muna
Trog
Uskayaw
Vehumet
Wu Jian
Xom
Yredelemnul
Zin
The Shining One
Beogh
Jiyva
Lugonu

Annotations:
D Ignacio


Innate Abilities, Weirdness & Mutations

You reflexively headbutt those who attack you in melee.
You have a pair of horns on your head.


Message History

You barely resist. Ignacio barely misses you.
Ignacio hits you but does no damage.
You writhe in agony.
* * * LOW HITPOINT WARNING * * *
Ignacio completely misses you. Ignacio misses you.
Ignacio completely misses you. You furiously retaliate!
You headbutt Ignacio, but do no damage. Ignacio misses you.
Ignacio closely misses you. Ignacio completely misses you.
Ignacio gestures at you.
You barely resist. Ignacio gestures at you.
Your body is wracked with pain!
* * * LOW HITPOINT WARNING * * *
Ignacio hits you but does no damage.
You writhe in agony.
* * * LOW HITPOINT WARNING * * *
Ignacio completely misses you. Ignacio misses you.
Ignacio hits you with a +4 executioner's axe of pain.
* * * LOW HITPOINT WARNING * * *
You writhe in agony!
You die...

#'# #.# #'# #.# #'# #.#
#'#
#######################'#
.........)......@1......#
........................#
######++##############..#
#..# #..# #..# #..# #..#
#..#


You could see Ignacio (fast).

Vanquished Creatures
  An Ice Fiend (D)
  Murray (D)
  A sphinx (D)
  A merfolk impaler (D)
  A rakshasa (D)
  An ice dragon (D)
  A hydra (D)
  A death yak (D)
  A merfolk aquamancer (D)
  4 hell hogs (D)
  A shadow wraith (D)
  Pikel (D)
  A lindwurm (D)
  A phantasmal warrior (D)
  2 cyclopes (D)
  A smoke demon (D)
  An orange demon (D)
  An ice devil (D)
  A hellwing (D)
  2 red devils (D)
  A guardian mummy (D)
  5 merfolk (D)
  2 tyrant leeches (D)
  A hornet (D)
  A polar bear (D)
  A jumping spider (D)
  Prince Ribbit (D)
  A snapping turtle (D)
  4 dream sheep (D)
  A vampire (D)
  A ynoxinul (D)
  A spriggan (D)
  3 water elementals (D)
  2 shadows (D)
  4 redbacks (D)
  A soldier ant (D)
  4 hell hounds (D)
  2 floating eyes (D)
  An orc warrior (D)
  2 swamp drakes (D)
  A wolf (D)
  2 centaurs (D)
  A bullfrog (D)
  A hound (D)
  An iguana (D)
  2 orc wizards (D)
  2 gnolls (D)
  2 river rats (D)
  A white imp (D)
  An adder zombie (D)
  An adder skeleton (D)
  A worm (D)
  A leopard gecko (D)
  3 orcs (D)
  A bat (D)
  A giant cockroach (D)
  A hobgoblin (D)
  2 quokkas (D)
  2 ball pythons (D)
  A bat simulacrum (D)
  A leopard gecko skeleton (D)
  A leopard gecko zombie (D)
  A rat (D)
95 creatures vanquished.

Vanquished Creatures (collateral kills)
  A titan (D)
  2 slime creatures (D)
  A golden eye (D)
  An earth elemental (D)
5 creatures vanquished.

Vanquished Creatures (others)
  An orc wizard (D)
  An orc (D)
2 creatures vanquished.

Grand Total: 102 creatures vanquished

Notes
Turn   | Place    | Note
-------+----------+-------------------------------------------
     0 | D        | mhtbhm the Minotaur Fighter began the quest for the Orb.
     0 | D        | Reached XP level 1. HP: 19/19 MP: 0/0
    17 | D        | Found a bloodstained altar of Trog.
    17 | D        | Found a shimmering blue altar of Sif Muna.
    17 | D        | Found a viscous altar of Jiyva.
    17 | D        | Found a hazy altar of Hepliaklqana.
    17 | D        | Found an opulent altar of Gozag.
    18 | D        | Found a glowing golden altar of the Shining One.
    18 | D        | Found a glowing silver altar of Zin.
    18 | D        | Found a basalt altar of Yredelemnul.
    18 | D        | Found a shimmering altar of Xom.
    18 | D        | Found an ornate altar of the Wu Jian Council.
    18 | D        | Found a sacrificial altar of Ru.
    18 | D        | Found a stormy altar of Qazlal.
    18 | D        | Found an iron altar of Okawaru.
    18 | D        | Found a sparkling altar of Nemelex Xobeh.
    18 | D        | Found a burning altar of Makhleb.
    18 | D        | Found a blossoming altar of Fedhas.
    18 | D        | Found a white marble altar of Elyvilon.
    18 | D        | Found a shadowy altar of Dithmenos.
    18 | D        | Found a snail-covered altar of Cheibriados.
    20 | D        | Found a radiant altar of Vehumet.
    20 | D        | Found a corrupted altar of Lugonu.
    20 | D        | Found a roughly hewn altar of Beogh.
    22 | D        | Became a worshipper of Trog the Wrathful
    59 | D        | Noticed a floating eye
    63 | D        | Killed a floating eye
    64 | D        | Reached skill level 4 in Axes
    64 | D        | Reached XP level 2. HP: 29/31 MP: 1/1
    64 | D        | Reached XP level 3. HP: 35/38 MP: 2/2
    64 | D        | Reached XP level 4. HP: 42/45 MP: 3/3
    85 | D        | Reached * piety under Trog
    90 | D        | Reached skill level 5 in Axes
   122 | D        | Reached ** piety under Trog
   189 | D        | Noticed Prince Ribbit
   189 | D        | Noticed a centaur
   198 | D        | Killed Prince Ribbit
   198 | D        | Reached *** piety under Trog
   199 | D        | Reached skill level 7 in Axes
   199 | D        | Reached skill level 1 in Dodging
   199 | D        | Reached XP level 5. HP: 56/56 MP: 4/4
   199 | D        | Reached XP level 6. HP: 62/62 MP: 5/5
   201 | D        | Reached skill level 8 in Axes
   204 | D        | Reached **** piety under Trog
   221 | D        | Noticed an orc warrior
   230 | D        | Killed an orc warrior
   231 | D        | Reached skill level 9 in Axes
   238 | D        | Noticed Pikel
   245 | D        | Killed Pikel
   246 | D        | Reached skill level 10 in Fighting
   246 | D        | Reached skill level 11 in Axes
   246 | D        | Reached XP level 7. HP: 64/73 MP: 6/6
   246 | D        | Reached ***** piety under Trog
   251 | D        | Reached skill level 10 in Shields
   254 | D        | Reached XP level 8. HP: 73/81 MP: 7/7
   381 | D        | Noticed a tyrant leech
   381 | D        | Noticed a dream sheep
   381 | D        | Noticed a dream sheep
   381 | D        | Noticed a dream sheep
   381 | D        | Noticed a dream sheep
   385 | D        | Killed a dream sheep
   385 | D        | Received a gift from Trog
   395 | D        | Killed a tyrant leech
   396 | D        | Reached skill level 12 in Axes
   398 | D        | Killed a dream sheep
   398 | D        | Killed a dream sheep
   401 | D        | Killed a dream sheep
   402 | D        | Reached skill level 13 in Axes
   526 | D        | Found a hide-covered altar of Uskayaw.
   526 | D        | Found an ancient bone altar of Kikubaaqudgha.
   526 | D        | Found a broken altar of Ashenzari.
   552 | D        | Noticed a tyrant leech
   556 | D        | Reached XP level 9. HP: 89/90 MP: 8/8
   575 | D        | Killed a tyrant leech
   768 | D        | Noticed a merfolk impaler
   768 | D        | Noticed a merfolk
   768 | D        | Noticed a merfolk
   768 | D        | Noticed a merfolk
   768 | D        | Noticed a merfolk
   772 | D        | Received a gift from Trog
   773 | D        | Reached skill level 14 in Axes
   775 | D        | Killed a merfolk
   778 | D        | Killed a shadow wraith
   780 | D        | Killed a merfolk
   781 | D        | Reached skill level 15 in Axes
   785 | D        | Killed a merfolk impaler
   785 | D        | Received a gift from Trog
   786 | D        | Reached skill level 16 in Axes
   786 | D        | Reached XP level 10. HP: 53/101 MP: 2/9
   792 | D        | Reached skill level 5 in Dodging
  1122 | D        | Noticed a cyclops
  1130 | D        | Killed a cyclops
  1133 | D        | Reached skill level 17 in Axes
  1146 | D        | Noticed a smoke demon
  1150 | D        | Killed a smoke demon
  1150 | D        | Reached ****** piety under Trog
  1150 | D        | Received a gift from Trog
  1151 | D        | Noticed a rakshasa
  1162 | D        | Killed a rakshasa
  1163 | D        | Reached skill level 1 in Stealth
  1453 | D        | Received a gift from Trog
  1479 | D        | Reached skill level 18 in Axes
  1506 | D        | Noticed a phantasmal warrior
  1509 | D        | Killed a phantasmal warrior
  1510 | D        | Reached XP level 11. HP: 111/111 MP: 10/10
  1510 | D        | Noticed a merfolk aquamancer
  1515 | D        | Received a gift from Trog
  1527 | D        | Killed a merfolk aquamancer
  1527 | D        | Received a gift from Trog
  1528 | D        | Reached skill level 15 in Fighting
  1541 | D        | Reached skill level 19 in Axes
  1846 | D        | Noticed a titan
  1852 | D        | Reached skill level 15 in Shields
  1853 | D        | Received a gift from Trog
  1856 | D        | Killed a titan
  1957 | D        | Noticed a hell hog
  1957 | D        | Noticed a hell hog
  1957 | D        | Noticed a hell hog
  1958 | D        | Noticed a hell hog
  1961 | D        | Killed a hell hog
  1961 | D        | Received a gift from Trog
  1962 | D        | Noticed a five-headed hydra
  1965 | D        | Killed a hell hog
  1966 | D        | Killed a hell hog
  1967 | D        | Killed a hell hog
  1975 | D        | Reached skill level 20 in Axes
  1984 | D        | Killed a 12-headed hydra
  1985 | D        | Reached XP level 12. HP: 100/124 MP: 11/11
  2387 | D        | Received a gift from Trog
  2536 | D        | Noticed a death yak
  2542 | D        | Killed a death yak
  2556 | D        | Noticed an Ice Fiend
  2566 | D        | Killed an Ice Fiend
  2890 | D        | Noticed an ice dragon
  2895 | D        | Killed an ice dragon
  2896 | D        | Reached skill level 15 in Armour
  2929 | D        | Noticed Murray
  2985 | D        | Killed Murray
  2985 | D        | Received a gift from Trog
  3315 | D        | Noticed a sphinx
  3325 | D        | Killed a sphinx
  3326 | D        | Reached skill level 21 in Axes
  3416 | D        | Noticed Ignacio
  3428 | D        | Slain by Ignacio

Illustrated notes

Levels and vault maps discovered:
D:        pitsprint [storerooms_1, entrance_room_1, metal_vault_3, armoury_1,
          mini_pit_1, grid_room_1, main_hall_1, silver_pit, the_coven_2,
          the_vestibule_1, steel_vault_5, golden_pit, hallway_of_sentries,
          crystal_vault_4, iron_vault_1, final_vault]

Skill      XL: |  1  2  3  4  5  6  7  8  9 10 11 12 |
---------------+-------------------------------------+-----
Fighting       | 6 8 10 11 13 14 16 18 | 18.6
Axes           | 4 7 11 13 16 18 20 21 | 21.1
Armour         | 6 9 11 12 13 14 15 | 15.2
Shields        | 6 8 9 10 11 12 14 16 18 | 18.1
Dodging        | 1 3 4 6 8 9 |  9.9
Stealth        | 1 2 |  2.4

Action                   |  1- 3 |  4- 6 |  7- 9 | 10-12 || total
-------------------------+-------+-------+-------+-------++-------
Melee: Hand axe          |     3 |    30 |    23 |       ||    56
       War axe           |     3 |       |       |       ||     3
       Headbutt          |     1 |     8 |     9 |    57 ||    75
       Broad axe         |       |       |    35 |   189 ||   224
       Executioner's axe |       |       |       |     5 ||     5
Throw: Throwing net      |       |       |       |     1 ||     1
Invok: Berserk           |       |     3 |     3 |     8 ||    14
       Brothers in Arms  |       |       |       |     5 ||     5
       Trog's Hand       |       |       |       |     1 ||     1
  Use: Potion            |       |       |       |     9 ||     9
       Scroll            |       |       |       |     1 ||     1
 Stab: Distracted        |       |       |       |     2 ||     2
Armor: Scale mail        |     3 |     5 |     8 |    73 ||    89
       Chain mail        |       |     4 |     4 |       ||     8
Dodge: Dodged            |       |    11 |     8 |    94 ||   113
Block: Kite shield       |     3 |    17 |    27 |   125 ||   172

Table legend: (Time is in decaauts)
 A = Elapsed time spent in this place.
 B = Non-inter-level travel time spent in this place.
 C = Inter-level travel time spent in this place.
 D = Time resting spent in this place.
 E = Time spent auto-exploring this place.
 F = Levels seen in this place.
 G = Mean time per level.
                   A        B        C        D        E       F      G
               +--------+--------+--------+--------+--------+-----+--------+
         Total |   3454 |   3440 |     14 |   2220 |    132 |   1 | 3454.0 |
       Dungeon |   3454 |   3440 |     14 |   2220 |    132 |   1 | 3454.0 |
               +--------+--------+--------+--------+--------+-----+--------+

Top non-repeatable levels by time:
       D: 3454 daAuts
